 Dungeon Crawl Stone Soup version 0.19-a0-1067-g0b1d89b (webtiles) character file.

22487 DarthKuruptios the Spear-Bearer (level 12, -1/103 HPs)
             Began as a Minotaur Berserker on Aug 3, 2016.
             Was a High Priest of Trog.
             Splashed by an oklob plant's acid (12 damage)
             ... on level 4 of the Lair of Beasts on Aug 4, 2016.
             The game lasted 00:46:03 (11726 turns).

DarthKuruptios the Spear-Bearer (MiBe)             Turns: 11726, Time: 00:46:07

Health: -1/103     AC: 20    Str: 23    XL:     12   Next: 63%
Magic:  3/3        EV: 11    Int:  7    God:    Trog [*****.]
Gold:   647        SH:  0    Dex: 14    Spells: 0 memorised, 11 levels left

rFire  . . .     SeeInvis .     v - +4 glaive (antimagic)
rCold  + . .     Gourm    .     x - +0 plate armour
rNeg   . . .     Faith    .     (shield currently unavailable)
rPois  .         Spirit   .     a - +2 hat {Int+3}
rElec  .         Dismiss  .     F - +3 cloak "Xixykh" {rC+ Stlth+}
rCorr  .         Reflect  .     f - +0 pair of gloves (curse)
SustAt .         Harm     .     k - +1 pair of boots
MR     .....                    (no amulet)
Stlth  ..........               (no ring)
                                (no ring)

@: corroded
A: retaliatory headbutt, hooves 1, horns 2, thin metallic scales 1, frail 1,
wild magic 1
a: Berserk, Trog's Hand, Brothers in Arms, Burn Spellbooks, Renounce Religion


You were on level 4 of the Lair of Beasts.
You worshipped Trog.
Trog was extremely pleased with you.
You were not hungry.

You visited 2 branches of the dungeon, and saw 12 of its levels.

You collected 647 gold pieces.

Inventory:

Hand Weapons
 o - a +2 trident of venom
 v - a +4 antimagic glaive (weapon)
Armour
 a - a +2 hat of intelligence (worn)
 f - a cursed +0 pair of gloves (worn)
 k - a +1 pair of boots (worn)
 x - a +0 plate armour (worn)
 F - the +3 cloak "Xixykh" (worn) {rC+ Stlth+}
   (You acquired it on level 2 of the Lair of Beasts)

   It protects you from cold.
   It makes you more stealthy.
Jewellery
 b - the ring of Edel {Ice Int+4}
   (You found it on level 6 of the Dungeon)

   [ring of ice]

   It enhances your ice magic.
   It affects your intelligence (+4).
   It makes you vulnerable to fire.
   It protects you from cold.
Wands
 r - a wand of teleportation (2/9)
Scrolls
 g - 2 scrolls of fog
 i - a scroll of identify
 j - 3 scrolls of teleportation
 m - 6 scrolls of remove curse
 u - 4 scrolls of enchant weapon
 w - 3 scrolls of fear
 y - a scroll of enchant armour
Potions
 d - 2 potions of lignification
 e - a potion of flight {unknown}
 h - 7 potions of agility
 n - 2 potions of invisibility
 q - a potion of beneficial mutation {unknown}
 s - 3 potions of curing
 t - 2 potions of berserk rage
 z - a potion of magic {unknown}
 A - 2 potions of brilliance
 B - 2 potions of ambrosia
 C - a potion of haste {unknown}
 E - 2 potions of cure mutation {unknown}
 G - a potion of degeneration {unknown}
Comestibles
 c - 5 bread rations
 l - 18 chunks of flesh
 p - 4 meat rations
 D - a slice of pizza
 H - 19 fruits
 I - a beef jerky
 K - a royal jelly


   Skills:
 + Level 13.4 Fighting
 + Level 14.8 Polearms
 + Level 13.0 Armour
 + Level 6.9 Dodging
 + Level 3.2 Stealth
 + Level 0.6 Evocations


You had 11 spell levels left.
You didn't know any spells.

Dungeon Overview and Level Annotations

Branches:
Dungeon (8/15)             Temple (0/1) D:6            Lair (4/6) D:8
 Shoals (0/4) Lair:3        Snake (0/4) Lair:4

Altars:
Okawaru
Pakellas
Ru

Annotations:
Lair:4 exclusion: oklob plant


Innate Abilities, Weirdness & Mutations

You reflexively headbutt those who attack you in melee.
You have a pair of horns on your head.
You have large cloven feet.
You are partially covered in thin metallic scales. (AC +2)
You are frail. (-10% HP)
Your spells are a little harder to cast, but a little more powerful.


Message History

You headbutt the oklob plant, but do no damage.
The oklob plant is lightly damaged.
The oklob plant spits acid at you. The splash of acid hits you!
The acid burns!
You hit the oklob plant.
The oklob plant is moderately damaged.
The oklob plant spits acid at you. The splash of acid hits you!
The acid burns!
* * * LOW HITPOINT WARNING * * *
You slice the oklob plant!!
The oklob plant is severely damaged.
You hit the oklob plant.
The oklob plant is severely damaged.
You hit the oklob plant.
The oklob plant is almost destroyed.
The oklob plant spits acid at you. The splash of acid hits you!
* * * LOW HITPOINT WARNING * * *
The acid corrodes you!
The acid burns!
You die...

#.........................
#PP......................
##......................
#.....................
#..................... #
#.......##.#.####..... #
#.......######## .....
#........#..?..# .....
#.......#.##.!@#
##.......####|(P#
#...........#####
##.........#######
#.................
##..............##
##...............#
#..............P##
##...............P#


You could see an oklob plant.

Vanquished Creatures
  Gastronok (Lair:1)
  2 hydras
  Harold (Lair:1)
  A manticore (Lair:3)
  2 griffons (Lair:3)
  5 elephants (Lair:4)
  3 black mambas
  A torpor snail (Lair:3)
  4 spiny frogs
  3 komodo dragons
  2 rime drakes
  Prince Ribbit (Lair:1)
  10 blink frogs
  A wyvern (D:8)
  17 yaks
  9 hippogriffs
  A basilisk (Lair:2)
  A steam dragon (D:6)
  Edmund (D:5)
  12 water moccasins
  6 porcupines
  A black bear (D:7)
  2 sky beasts
  2 necrophages
  An ice beast (D:8)
  2 orc warriors
  A phantom (D:5)
  3 ogres
  4 crocodiles
  3 centaurs
  A big kobold (D:8)
  11 giant frogs
  2 scorpions
  4 killer bees (D:7)
  5 wights (D:7)
  An electric eel (Lair:1)
  A howler monkey (D:5)
  A crimson imp (D:8)
  A giant frog zombie (D:7)
  2 hounds (D:8)
  A giant frog skeleton (D:7)
  3 orc priests
  A jelly (D:8)
  2 orc wizards
  A centaur skeleton (D:8)
  3 iguanas
  2 worker ants
  8 sheep
  28 river rats
  15 adders
  5 gnolls (D:8)
  2 oozes
  An adder zombie (D:6)
  3 adder skeletons
  3 worms (D:4)
  5 dart slugs
  2 giant geckos
  20 orcs
  A ball python (Lair:4)
  8 bats
  5 giant cockroaches
  2 goblins
  11 hobgoblins
  8 jackals
  A quokka (D:4)
  A ball python zombie (D:5)
  3 giant newts (D:1)
  A jackal skeleton (D:3)
  16 kobolds
  A quokka skeleton (D:4)
  10 rats
  A fungus (D:8)
  A plant (Lair:4)
307 creatures vanquished.

Vanquished Creatures (collateral kills)
  A blink frog (Lair:1)
1 creature vanquished.

Vanquished Creatures (others)
  A fungus (Lair:3)
  2 plants
3 creatures vanquished.

Grand Total: 311 creatures vanquished

Notes
Turn   | Place    | Note
-------+----------+-------------------------------------------
     0 | D:1      | DarthKuruptios the Minotaur Berserker began the quest for the Orb.
     0 | D:1      | Reached XP level 1. HP: 19/19 MP: 0/0
   199 | D:1      | Reached XP level 2. HP: 18/27 MP: 1/1
   245 | D:1      | Reached skill level 4 in Polearms
   313 | D:1      | Reached ** piety under Trog
   315 | D:1      | Reached XP level 3. HP: 24/33 MP: 2/2
   872 | D:2      | Reached XP level 4. HP: 38/41 MP: 3/3
  1230 | D:2      | Reached skill level 1 in Stealth
  1372 | D:3      | Found a sacrificial altar of Ru.
  2016 | D:4      | Reached skill level 5 in Fighting
  2016 | D:4      | Reached XP level 5. HP: 26/48 MP: 4/4
  2018 | D:4      | Reached *** piety under Trog
  2399 | D:4      | Reached skill level 5 in Polearms
  2413 | D:4      | Reached XP level 6. HP: 56/56 MP: 5/5
  2712 | D:5      | Entered Level 5 of the Dungeon
  2816 | D:5      | Noticed Edmund
  2827 | D:5      | Killed Edmund
  3262 | D:5      | Reached XP level 7. HP: 62/62 MP: 6/6
  3336 | D:6      | Reached skill level 6 in Polearms
  3465 | D:6      | Reached skill level 5 in Dodging
  3642 | D:6      | Found a staircase to the Ecumenical Temple.
  3713 | D:6      | Reached XP level 8. HP: 71/71 MP: 7/7
  3732 | D:6      | Reached skill level 7 in Polearms
  3930 | D:6      | Got a faintly glowing turquoise ring
  3931 | D:6      | Identified the ring of Edel {Ice Int+4} (You found it on level 6 of the Dungeon)
  3946 | D:6      | Reached **** piety under Trog
  4293 | D:7      | Reached skill level 5 in Armour
  4326 | D:7      | Gained mutation: You are agile. (Dex +2) [mutagenic meat]
  4329 | D:7      | Gained mutation: You evolve. [mutagenic meat]
  4332 | D:7      | Gained mutation: You are frail. (-10% HP) [mutagenic meat]
  4440 | D:7      | Reached skill level 8 in Polearms
  4960 | D:7      | Upgraded the game from 0.19-a0-1065-gdac414d to 0.19-a0-1067-g0b1d89b
  4973 | D:7      | Reached XP level 9. HP: 69/72 MP: 8/8
  5547 | D:7      | Reached skill level 9 in Polearms
  6158 | D:8      | Reached skill level 10 in Polearms
  6255 | D:8      | Found a staircase to the Lair.
  6443 | D:8      | Gained mutation: You are partially covered in thin metallic scales. (AC +2) [mutagenic meat]
  6509 | D:8      | Gained mutation: Your spells are a little harder to cast, but a little more powerful. [evolution]
  6678 | D:8      | Found an iron altar of Okawaru.
  6762 | Lair:1   | Entered Level 1 of the Lair of Beasts
  6802 | Lair:1   | Noticed Gastronok
  6821 | Lair:1   | Killed Gastronok
  6821 | Lair:1   | Reached skill level 10 in Fighting
  6821 | Lair:1   | Reached skill level 11 in Polearms
  6821 | Lair:1   | Reached XP level 10. HP: 54/83 MP: 9/9
  6908 | Lair:1   | Noticed a spiny frog
  6910 | Lair:1   | Reached ***** piety under Trog
  6920 | Lair:1   | Killed a spiny frog
  7106 | Lair:1   | Lost mutation: You are agile. (Dex +2) [evolution]
  7167 | Lair:1   | Noticed Harold
  7183 | Lair:1   | Killed Harold
  7183 | Lair:1   | Reached skill level 10 in Armour
  7356 | Lair:1   | Noticed Prince Ribbit
  7358 | Lair:1   | Reached skill level 12 in Polearms
  7362 | Lair:1   | Killed Prince Ribbit
  7362 | Lair:1   | Reached XP level 11. HP: 55/90 MP: 10/10
  7724 | Lair:1   | Noticed a five-headed hydra
  7736 | Lair:1   | Killed a five-headed hydra
  8306 | Lair:1   | Gained mutation: You have large cloven feet. [evolution]
  8306 | Lair:1   | Lost mutation: You evolve. [end of evolution]
  8703 | Lair:2   | Found an oddly glowing altar of Pakellas.
  8780 | Lair:2   | Got a steaming long sword
  8781 | Lair:2   | Identified the +1 long sword of Rievvoos {venom, rPois rC+ rN+ MR-} (You found it on level 2 of the Lair of Beasts)
  8837 | Lair:2   | Reached skill level 13 in Polearms
  9084 | Lair:2   | Got a transparent whip
  9085 | Lair:2   | Identified the +8 whip "Guepsac" {flame, rPois Int+4} (You found it on level 2 of the Lair of Beasts)
  9098 | Lair:2   | Identified a +0 rod of ignition (12/12) (You found it on level 2 of the Lair of Beasts)
  9445 | Lair:2   | Identified a scroll of acquirement
  9448 | Lair:2   | Got an ichor-stained cloak
  9454 | Lair:2   | Identified the +3 cloak "Xixykh" {rC+ Stlth+} (You acquired it on level 2 of the Lair of Beasts)
  9466 | Lair:3   | Noticed a griffon
  9470 | Lair:3   | Killed a griffon
  9522 | Lair:3   | Found an iron altar of Okawaru.
  9606 | Lair:3   | Received a gift from Trog
  9779 | Lair:3   | Found a staircase to the Shoals.
  9780 | Lair:3   | Noticed a griffon
  9787 | Lair:3   | Reached XP level 12. HP: 81/100 MP: 3/11
 10367 | Lair:3   | Found a runed door.
 10767 | Lair:3   | Noticed an eight-headed hydra
 10776 | Lair:3   | Killed an 11-headed hydra
 10776 | Lair:3   | Reached skill level 14 in Polearms
 10909 | Lair:4   | Found a staircase to the Snake Pit.
 11726 | Lair:4   | Splashed by an oklob plant's acid

Vault maps used:
D:1:      eino_arrival_water_star, minmay_misc_feat_square
D:2:      first_bread, minivault_23, minmay_small_reverse_x
D:3:      nicolae_overflow_hidden_temple, serial_undead, serial_undead_a,
          serial_undead_b, serial_undead_e, serial_undead_a
D:4:      kennysheep_potato
D:5:      uniq_edmund
D:6:      kennysheep_steamy
D:8:      okawaru_altar_gauntlet_db, dpeg_oklobed_lair, st_stairs_13
Lair:1:   nicolae_quartered_pool_super, uniq_harold, uniq_gastronok,
          uniq_prince_ribbit2
Lair:2:   basic_altar, st_stairs_9
Lair:3:   minmay_shoals_entry_beasts, basic_altar, serial_forest,
          infiniplex_forest_clump_cross, infiniplex_forest_end_3,
          infiniplex_forest_corner_1, infiniplex_forest_clump_C,
          infiniplex_forest_clump_small, grunt_forest_small_clearings,
          pf_torpor_hydra
Lair:4:   minmay_lair_oklob_items, minmay_snake_entry_six_corridors

Skill      XL: |  1  2  3  4  5  6  7  8  9 10 11 12 |
---------------+-------------------------------------+-----
Polearms       | 4 5 6 8 11 12 13 14 | 14.8
Fighting       | 4 5 6 7 10 12 13 | 13.4
Stealth        | 1 2 3 |  3.2
Dodging        | 3 4 5 6 |  6.9
Armour         | 3 4 6 9 10 12 13 | 13.0
Evocations     | |  0.6

Action                   |  1- 3 |  4- 6 |  7- 9 | 10-12 || total
-------------------------+-------+-------+-------+-------++-------
Melee: Spear             |    87 |    44 |       |       ||   131
       Headbutt          |    17 |    14 |    56 |   123 ||   210
       Trident           |       |    93 |   274 |   333 ||   700
       Glaive            |       |       |       |   169 ||   169
Invok: Trog's Hand       |       |     2 |     2 |     4 ||     8
       Berserk           |       |     1 |     1 |     3 ||     5
       Burn Spellbooks   |       |       |       |     2 ||     2
       Brothers in Arms  |       |       |       |     1 ||     1
Evoke: Rod               |       |       |       |     2 ||     2
       Wand              |       |       |       |     1 ||     1
  Use: Scroll            |       |     8 |     8 |     5 ||    21
       Potion            |       |       |       |     1 ||     1
 Stab: Sleeping          |     2 |     3 |       |       ||     5
  Eat: Chunk             |       |     9 |    16 |    11 ||    36
       Pizza             |       |       |     2 |     1 ||     3
       Beef jerky        |       |       |       |     1 ||     1
       Fruit             |       |       |       |     2 ||     2
       Bread ration      |       |       |       |     1 ||     1
       Royal jelly       |       |       |       |     1 ||     1
Armor: Animal skin       |     5 |     7 |       |       ||    12
       Ring mail         |       |    14 |       |       ||    14
       Plate armour      |       |     3 |   115 |   266 ||   384
Dodge: Dodged            |    28 |    43 |   102 |   195 ||   368
